 Dungeon Crawl Stone Soup version 0.31.0 (webtiles) character file.

Game seed: 8517737221509846703

120 dorian the Ruffian (level 5, -9/34 HPs)
             Began as an Octopode Shapeshifter on Jan 19, 2024.
             Mangled by an ogre
             ... wielding a +0 giant club
              (16 damage)
             ... on level 4 of the Dungeon.
             The game lasted 00:02:23 (2474 turns).

dorian the Ruffian (Octopode Shapeshifter)          Turns: 2474, Time: 00:02:23

Health: -9/34      AC:  1    Str: 15    XL:     5   Next: 4%
Magic:  5/5        EV: 13    Int: 12    God:
Gold:   112        SH:  0    Dex: 12    Spells: 4/4 levels left

rFire   . .          .
                       - Unarmed
rCold   . . .        (no shield)
rNeg    . . .        (helmet currently unavailable)
rPois   .            (no amulet)
rElec   .            (no ring)
rCorr   .            (no ring)
SInv    .            (no ring)
Will    .....        (no ring)
Stlth   ++           (no ring)
HPRegen 0.25/turn    (no ring)
MPRegen 0.09/turn    (no ring)
                     (no ring)

%: no passive effects
@: beast-form
A: beast (slay +2), almost no armour, amphibious, 8 rings, camouflage 1,
gelatinous body 1, (nimble swimmer 1), tentacles
a: Begin Untransformation


You were on level 4 of the Dungeon.
You were a hulking beast.
You visited 1 branch of the dungeon, and saw 4 of its levels.

You collected 112 gold pieces.

Inventory:

Magical Staves
 d - a staff of fire
Talismans
 b - a beast talisman
 c - a flux talisman
Scrolls
 z - a scroll of blinking
Potions
 a - a potion of lignification
 e - a potion of berserk rage {unknown}
 f - a potion of heal wounds {unknown}
 m - a potion of attraction
 n - 2 potions of curing {unknown}


   Skills:
 + Level 1.8 Fighting
 + Level 2.6 Dodging
 * Level 4.0 Unarmed Combat
 * Level 3.9 Shapeshifting


You had 4 spell levels left.
You didn't know any spells.
Your spell library contained the following spells:

 Spells                   Type           Power      Damage    Failure   Level
 Magic Dart               Conj           0%         1d3       32%         1
 Blink                    Tloc           0%         N/A       45%         2
 Call Imp                 Summ           0%         N/A       45%         2
 Ensorcelled Hibernation  Hex/Ice        0%         N/A       45%         2
 Fugue of the Fallen      Necr           0%         N/A       69%         3
 Anguish                  Hex/Necr       0%         N/A       97%         4


Dungeon Overview and Level Annotations

Branches:
Dungeon (4/15) Zot: 21534
 Temple: D:4-7

Altars:
Ashenzari


Innate Abilities, Weirdness & Mutations

You are a hulking beast.
Your limbs bulge with bestial killing power. (Slay +2)
You cannot wear most types of armour.
You are amphibious.
You can wear up to eight rings at the same time.
Your skin changes colour to match your surroundings (Stealth+).
Your rubbery body absorbs attacks. (AC +1, EV +1)
((You are camouflaged when in or above water. (Stealth+)))
You have tentacles for arms and can constrict up to eight enemies at once.


Message History

No target in view!
There is a stone staircase leading down here.
You climb downwards.
The orc shouts!
There is a stone staircase leading up here.
The orc closely misses you.
You tentacle-slap the orc. You grab the orc.
The orc is severely wounded.
You constrict the orc.
You kill the orc!
A goblin comes into view. It is wielding a +0 club.
You closely miss the goblin.
The goblin shouts!
You grab the goblin. You constrict the goblin. The goblin closely misses you.
You barely miss the goblin.
The goblin is heavily wounded.
You constrict the goblin.
You kill the goblin!
The goblin hits you with a +0 club.
You closely miss the goblin. You grab the goblin. You squeeze the goblin.
You kill the goblin!
An ogre comes into view. It is wielding a +0 giant club.
You see here a +0 club.
The ogre shouts!
You bludgeon the ogre! You squeeze the ogre.
The ogre is moderately wounded.
The ogre misses you.
You bludgeon the ogre! Your squeeze misses the ogre.
The ogre is heavily wounded.
The ogre hits you with a +0 giant club!!
Ouch! That really hurt!
* * * LOW HITPOINT WARNING * * *
You are too injured to fight recklessly!
You are too injured to fight recklessly!
You bludgeon the ogre!
The ogre is severely wounded.
You tentacle-slap the ogre.
The ogre is almost dead.
The ogre hits you with a +0 giant club!
You die...

#############
#...........#
#....<......#
#........)..#
#...........#
#.......)...#
#.....##..h##
#.....###+#O......
##....# .#.....
###### .# .... .#
... .# .. .# . .#


You could see an ogre.

Vanquished Creatures
  4 adders
  2 dart slugs
  A ribbon worm (D:3)
  5 orcs
  6 endoplasms
  2 giant cockroaches
  9 goblins
  6 hobgoblins
  4 jackals (D:2)
  4 quokkas
  6 ball pythons
  6 bats
  2 frilled lizards
  6 kobolds
  3 rats
66 creatures vanquished.

Notes
Turn   | Place    | Note
-------+----------+-------------------------------------------
     0 | D:1      | dorian the Octopode Shapeshifter began the quest for the
                  | Orb.
     0 | D:1      | Reached XP level 1. HP: 13/13 MP: 1/1
   133 | D:1      | Reached XP level 2. HP: 18/18 MP: 2/2
   710 | D:2      | Reached XP level 3. HP: 23/23 MP: 3/3
  1110 | D:2      | Reached XP level 4. HP: 28/28 MP: 4/4
  1891 | D:3      | Reached skill level 4 in Unarmed Combat
  2169 | D:3      | Found a broken altar of Ashenzari.
  2173 | D:3      | Saw a vision of the Swamp and the Snake Pit.
  2173 | D:3      | Noticed a seven-headed hydra
  2173 | D:3      | Noticed an eleionoma
  2173 | D:3      | Noticed a naga
  2173 | D:3      | Noticed a bunyip
  2173 | D:3      | Noticed a shock serpent
  2173 | D:3      | Noticed a bloated husk
  2173 | D:3      | Noticed a bloated husk
  2176 | D:3      | Noticed a bog body
  2177 | D:3      | Noticed a black mamba
  2177 | D:3      | Noticed a naga mage
  2178 | D:3      | Noticed an alligator
  2179 | D:3      | Noticed a spriggan rider
  2294 | D:3      | Reached XP level 5. HP: 34/34 MP: 5/5
  2469 | D:4      | Noticed an ogre
  2474 | D:4      | Mangled by an ogre

Illustrated notes

Levels and vault maps discovered:
D:1:      saegor_arrival_miasma, layout_basic
D:2:      layout_loops_corners
D:3:      layout_loops_cross, grunt_ashenzari_visionary
          [grunt_ashenzari_visionary_swamp, grunt_ashenzari_visionary_snake],
          kennysheep_generic_room_10
D:4:      layout_gridville, dancing_weapons_uskayaw,
          nicolae_overflow_crystal_walls, lemuel_crystal_altar,
          amethyst_overflow_temple_binary, minmay_temple_entry_tees,
          minmay_misc_feat_secret_circle, nicolae_figureground_pulse

Skill      XL: |  1  2  3  4 |
---------------+-------------+-----
Unarmed Combat | 4 |  4.0
Fighting       | |  1.8
Dodging        | |  2.6
Shapeshifting  | |  3.9

Action                     |  1- 3 |  4- 6 || total
---------------------------+-------+-------++-------
  Melee: Unarmed           |    55 |    64 ||   119
         Tentacles         |    11 |    10 ||    21
         Constrict         |    15 |    15 ||    30
         Punch             |       |     3 ||     3
    Use: Scroll            |       |     8 ||     8
   Stab: Sleeping          |     5 |     6 ||    11
 Armour: Skin              |    23 |    18 ||    41
  Dodge: Dodged            |    20 |    29 ||    49
